 Dungeon Crawl Stone Soup version 0.27.1-3-gb3d3a73c9e (webtiles) character file.

Game seed: 14595710297121084574

135 Atelerd the Digger (level 5, -2/31 HPs)
             Began as an Octopode Earth Elementalist on Oct 31, 2021.
             Frozen to death by an endoplasm (5 damage)
             ... on level 3 of the Dungeon.
             The game lasted 00:02:42 (3696 turns).

Atelerd the Digger (Octopode Earth Elementalist)    Turns: 3696, Time: 00:02:43

Health: -2/31      AC:  1    Str:  8    XL:     5   Next: 18%
Magic:  9/9        EV: 13    Int: 18    God:
Gold:   97         SH:  0    Dex: 12    Spells: 5/10 levels left

rFire    . . .     SeeInvis .   g - +5 dagger (venom)
rCold    . . .     Faith    .   (no shield)
rNeg     . . .     Spirit   .   (helmet restricted)
rPois    .         Reflect  .   (no amulet)
rElec    .         Harm     .   h - ring of resist corrosion
rCorr    +         Rampage  .   (no ring)
Will     .....                  (no ring)
Stlth    +++.......             (no ring)
HPRegen  0.10/turn              (no ring)
MPRegen  0.11/turn              (no ring)
                                (no ring)
                                (no ring)

@: no status effects
A: almost no armour, amphibious, 8 rings, camouflage 1, gelatinous body 1,
(nimble swimmer 1), tentacles
a: no special abilities


You were on level 3 of the Dungeon.
You visited 1 branch of the dungeon, and saw 3 of its levels.

You collected 97 gold pieces.

Inventory:

Hand Weapons
 c - a +0 dagger
 g - a +5 dagger of venom (weapon)
Missiles
 b - 50 stones
Jewellery
 h - a ring of resist corrosion (left tentacle)
Scrolls
 e - a scroll of noise {unknown}
 f - a scroll of teleportation {unknown}
 i - 3 scrolls of identify {unknown}
 k - a scroll of holy word {unknown}
 l - a scroll of enchant weapon {unknown}
 m - a scroll of vulnerability {unknown}
Potions
 a - a potion of cancellation {unknown}
 d - a potion of ambrosia {unknown}
 j - a potion of curing {unknown}


   Skills:
 - Level 2.0 Dodging
 - Level 2.6 Stealth
 + Level 3.2 Spellcasting
 + Level 2.8 Transmutations
 + Level 4.0 Earth Magic


You had 5 spell levels left.
You knew the following spells:

 Your Spells              Type           Power      Damage    Failure   Level
a - Sandblast             Erth           34%        2d9       3%          1
p - Petrify               Tmut/Erth      15%        N/A       36%         4

Your spell library contained the following spells:

 Spells                   Type           Power      Damage    Failure   Level
 Passwall                 Tmut/Erth      12%        N/A       6%          2
 Stone Arrow              Conj/Erth      20%        3d8       21%         3
 Slow                     Hex            2%         N/A       24%         2
 Confusing Touch          Hex            2%         N/A       43%         3
 Vampiric Draining        Necr           1%         2d6       43%         3


Dungeon Overview and Level Annotations

Branches:
Dungeon (3/15)

Altars:
Zin

Shops:
D:2 (

Annotations:
D:2 exclusion: downstairs


Innate Abilities, Weirdness & Mutations

You cannot wear most types of armour.
You are amphibious.
You can wear up to eight rings at the same time.
Your skin changes colour to match your surroundings (Stealth+).
Your rubbery body absorbs attacks. (AC +1, EV +1)
((You are camouflaged near water. (Stealth+)))
You have tentacles for arms and can constrict up to eight enemies at once.


Message History

Found an escape hatch in the floor.
Found a scroll labelled KOCA LEONA.
You now have 97 gold pieces (gained 6).
i - 3 scrolls labelled KOCA LEONA (gained 1)
An endoplasm comes into view.
There are monsters nearby!
The phantom hits you!
The phantom blinks!
You blink.
There are monsters nearby!
The endoplasm quivers.
You hit the phantom.
The phantom is lightly damaged.
The phantom hits you but does no damage.
There are monsters nearby!
The blast of sand hits the phantom but does no damage.
The phantom is lightly damaged.
The phantom barely misses you.
The blast of sand hits the phantom but does no damage.
The phantom is lightly damaged.
The phantom hits you.
The phantom blinks!
You blink.
The blast of sand hits the phantom!
The phantom is moderately damaged.
The phantom hits you!
You are too injured to fight recklessly!
You are too injured to fight recklessly!
The phantom hits you.
* * * LOW HITPOINT WARNING * * *
The phantom blinks!
You blink.
Things that are here:
8 poisoned darts; a +0 whip The phantom hits you but does no damage.
The endoplasm freezes you.
You are frozen.
* * * LOW HITPOINT WARNING * * *
The endoplasm barely misses you. The endoplasm freezes you.
You are frozen.
* * * LOW HITPOINT WARNING * * *
The endoplasm freezes you.
You are frozen.
You die...

.##....#
##......##############
###....# #...###.# #
#....# #..## #.# #
#....# #.## #.# #
###.####J# ###.#
####.....J.###...###
.......##.##.......#
##............)....#
####......<.....@..#
####.........###JW##
#............# #...#
#.##.........# #.#.#
#.##.........# #.#.#
.........#..## #...##
#.#....#....# ##...###
......###.### ###...#
......# #.# ###.####


You could see a phantom and an endoplasm.

Vanquished Creatures
  Jessica (D:2)
  An iguana (D:3)
  2 adders (D:2)
  A worm (D:3)
  2 dart slugs
  An orc (D:3)
  9 ball pythons
  4 endoplasms
  5 giant cockroaches
  2 goblins
  4 hobgoblins
  3 jackals (D:1)
  7 kobolds
  2 quokkas
  5 bats
  4 frilled lizards
  3 rats
56 creatures vanquished.

Notes
Turn   | Place    | Note
-------+----------+-------------------------------------------
     0 | D:1      | Atelerd the Octopode Earth Elementalist began the quest for
                  | the Orb.
     0 | D:1      | Reached XP level 1. HP: 11/11 MP: 3/3
   101 | D:1      | Found a faded altar of an unknown god.
   332 | D:1      | Reached XP level 2. HP: 12/17 MP: 5/5
   978 | D:1      | Reached XP level 3. HP: 11/21 MP: 0/6
  1750 | D:2      | Found Zyeby's Weapon Boutique.
  1971 | D:2      | Noticed Jessica
  1982 | D:2      | Killed Jessica
  1983 | D:2      | Reached XP level 4. HP: 9/27 MP: 5/8
  2764 | D:3      | Noticed a phantom
  3031 | D:2      | Learned a level 4 spell: Petrify
  3099 | D:3      | Reached skill level 4 in Earth Magic
  3099 | D:3      | Reached XP level 5. HP: 5/31 MP: 2/9
  3382 | D:3      | Found a glowing silver altar of Zin.
  3696 | D:3      | Frozen to death by an endoplasm

Illustrated notes

Levels and vault maps discovered:
D:1:      wander_arrival_chamber, layout_rooms,
          hellmonk_ecumenical_altar_crossroads
D:2:      layout_basic, serial_shops, shop, uniq_jessica
D:3:      layout_rooms, mainiacjoe_overflow_alcove_2,
          pdpol_wu_jian_five_deadly_venoms

Skill      XL: |  1  2  3  4 |
---------------+-------------+-----
Transmutations | 2 |  2.8
Spellcasting   | 3 |  3.2
Earth Magic    | 4 |  4.0
Dodging        | |  2.0
Stealth        | |  2.6

Action                   |  1- 3 |  4- 6 || total
-------------------------+-------+-------++-------
Melee: Unarmed           |    17 |       ||    17
       Constrict         |    18 |    10 ||    28
       Tentacles         |    10 |     4 ||    14
       Dagger            |    52 |    29 ||    81
 Cast: Sandblast         |    20 |    20 ||    40
 Stab: Sleeping          |    11 |     4 ||    15
Armor: Skin              |     8 |     2 ||    10
Dodge: Dodged            |    45 |    23 ||    68
